 Dungeon Crawl Stone Soup version 0.26.1-11-gd32895ea62 (webtiles) character file.

Game seed: 4660880489740378838

3858 bnorton916 the Covert (level 9, -1/47 HPs)
             Began as a Deep Elf Conjurer on July 11, 2021.
             Was a Follower of Vehumet.
             Shot with an arrow by a centaur warrior (5 damage)
             ... on level 9 of the Dungeon.
             The game lasted 00:26:35 (12051 turns).

bnorton916 the Covert (Deep Elf Conjurer)          Turns: 12051, Time: 00:26:36

Health: -1/47      AC:  7    Str:  5    XL:     9   Next: 99%
Magic:  16/20      EV: 29    Int: 26    God:    Vehumet [*.....]
Gold:   438        SH:  0    Dex: 19    Spells: 3/20 levels left

rFire    . . .     SeeInvis +   f - +1 dagger
rCold    + . .     Faith    .   (no shield)
rNeg     . . .     Spirit   .   D - +2 robe {rC+}
rPois    .         Reflect  .   E - +2 helmet {SInv}
rElec    .         Harm     .   (no cloak)
rCorr    .         Rampage  .   (no gloves)
Will     .....                  (no boots)
Stlth    +++++.....             w - amulet of the acrobat
HPRegen  0.15/turn              C - +6 ring of dexterity
MPRegen  0.17/turn              n - ring of see invisible

@: acrobat, studying Stealth
A: no striking features
a: Renounce Religion


You were on level 9 of the Dungeon.
You worshipped Vehumet.
Vehumet was aware of your devotion.
You visited 2 branches of the dungeon, and saw 10 of its levels.

You collected 438 gold pieces.

Inventory:

Hand Weapons
 f - a +1 dagger (weapon)
 j - a +1 antimagic dagger
 s - a +2 dagger of distortion
Missiles
 c - 3 silver boomerangs
Armour
 D - a +2 robe of cold resistance (worn)
 E - a +2 helmet of see invisible (worn)
Magical Staves
 d - an uncursed staff of death
Jewellery
 n - a ring of see invisible (right hand)
 w - an amulet of the acrobat (around neck)
 C - a +6 ring of dexterity (left hand)
Wands
 B - a wand of random effects (21)
Scrolls
 a - a scroll of acquirement {unknown}
 b - 2 scrolls of teleportation
 g - 3 scrolls of enchant weapon
 h - 2 scrolls of fog
 k - 2 scrolls of immolation
 o - 4 scrolls of amnesia
 t - a scroll of fear
 y - 2 scrolls of blinking
 z - a scroll of magic mapping {unknown}
 A - 3 scrolls of identify
Potions
 e - 3 potions of heal wounds
 i - 5 potions of curing
 l - a potion of magic {unknown}
 m - a potion of might {unknown}
 p - 2 potions of haste {unknown}
 q - 2 potions of brilliance
 r - a potion of cancellation
 v - a potion of flight {unknown}
 x - a potion of ambrosia {unknown}
 F - a potion of resistance {unknown}
Books
 u - a manual of Stealth


   Skills:
 + Level 1.0 Fighting
 + Level 3.0 Dodging
 + Level 12.3 Stealth
 - Level 6.3 Spellcasting
 + Level 8.0 Conjurations
 - Level 6.0 Hexes
 - Level 6.0 Translocations
 - Level 2.0 Air Magic
 - Level 7.0 Poison Magic


You had 3 spell levels left.
You knew the following spells:

 Your Spells              Type           Power        Failure   Level
a - Magic Dart            Conj           100%         1%          1
b - Searing Ray           Conj           98%          1%          2
c - Dazzling Flash        Conj/Hex       88%          1%          3
d - Fulminant Prism       Conj/Hex       22%          3%          4
e - Iskenderun's Mystic   Conj/Tloc      44%          3%          4
f - Mephitic Cloud        Conj/Pois/Air  37%          1%          3

Your spell library contained the following spells:

 Spells                   Type           Power        Failure   Level
 Sandblast                Erth           16%          7%          1
 Sting                    Tmut/Pois      100%         1%          1
 Poisonous Vapours        Pois/Air       62%          1%          2
 Ignite Poison            Fire/Tmut/Pois 20%          8%          3
 Olgreb's Toxic Radiance  Pois           44%          3%          4


Dungeon Overview and Level Annotations

Branches:
Dungeon (9/15)             Temple (1/1) D:7
   Lair: D:8-11         Orc: D:9-12

Altars:
Ashenzari
Cheibriados
Dithmenos
Elyvilon
Fedhas
Gozag
Hepliaklqana
Kikubaaqudgha
Makhleb
Nemelex Xobeh
Okawaru
Qazlal
Ru
Sif Muna
Trog
Uskayaw
Vehumet
Wu Jian
Xom
Yredelemnul
Zin
The Shining One
Beogh

Annotations:
D:3 Grinder


Message History

You see here 18 gold pieces.
Casting: Searing Ray (safe; 1% risk of failure)
Confirm with . or Enter, or press ? or * to list all spells.
Aiming: Searing Ray (safe; 1% risk of failure)
Press: ? - help, Shift-Dir - straight line, f - centaur warrior
Aim: a centaur warrior, wielding a +0 vorpal shortbow and quivering 15 arrows (13% to evade)
The searing ray hits the centaur warrior!
The centaur warrior is lightly wounded. (Press . to maintain the ray.)
The centaur warrior shoots an arrow.
The arrow hits you!
The searing ray hits the centaur warrior.
The centaur warrior is moderately wounded.
The centaur warrior shoots an arrow.
The arrow hits you!
A red ugly thing comes into view.
The searing ray hits the centaur warrior!
The centaur warrior is heavily wounded.
The centaur warrior shoots an arrow.
The arrow hits you!!
Ouch! That really hurt!
* * * LOW HITPOINT WARNING * * *
You die...

######..........#
#..........#
######..........#
.......########.# .#
######## #.# .# ..# ..#
### ..# #
#############.##u.#
#.#.......c.@..).(.....
#.#.#....#..#..#..###.#
#.#.#....##...## ....
#.#.#....###.## .#.#
#.#.#.###.##.# #.#.#
#.#.#..###.#[# ##..#.#
####.#.#...####.####..##.#
#......#.#.....8.....###.#
#......#...####.####.....#


You could see a red ugly thing (wandering) and a centaur warrior.

Vanquished Creatures
  The ghost of TalonThorn the Gouger, a novice FeBe of Trog (D:7)
  Psyche (D:8)
  A vampire (D:9)
  Duvessa (D:6)
  A soldier ant (D:9)
  4 orc warriors
  A sky beast (D:5)
  A necrophage (D:9)
  2 ice beasts
  An ogre (D:5)
  A centaur (D:7)
  Blork the orc (D:4)
  A big kobold (D:9)
  3 bullfrogs
  A gnoll sergeant (D:9)
  A wyvern skeleton (D:9)
  A scorpion (D:4)
  Dowan (D:6)
  6 killer bees (D:7)
  3 howler monkeys
  2 hounds
  4 orc priests
  3 jellies
  6 orc wizards
  A bullfrog skeleton (D:9)
  2 iguanas
  8 worker ants
  A hound skeleton (D:5)
  8 gnolls (D:9)
  6 adders
  A shadow imp (D:9)
  2 ufetubi
  An adder skeleton (D:6)
  An adder zombie (D:5)
  4 worms
  2 dart slugs (D:1)
  2 leopard geckos (D:6)
  25 orcs
  8 giant cockroaches
  9 goblins
  7 hobgoblins
  7 jackals
  3 quokkas
  A ball python (D:3)
  3 bats
  6 frilled lizards
  A jackal zombie (D:6)
  12 kobolds
  A leopard gecko zombie (D:7)
  6 rats
176 creatures vanquished.

Vanquished Creatures (others)
  22 fulminant prisms
22 creatures vanquished.

Grand Total: 198 creatures vanquished

Notes
Turn   | Place    | Note
-------+----------+-------------------------------------------
     0 | D:1      | bnorton916 the Deep Elf Conjurer began the quest for the
                  | Orb.
     0 | D:1      | Reached XP level 1. HP: 10/10 MP: 6/6
   355 | D:1      | Reached XP level 2. HP: 15/15 MP: 5/8
   394 | D:1      | Learned a level 2 spell: Searing Ray
  1292 | D:2      | Reached skill level 5 in Conjurations
  1292 | D:2      | Reached XP level 3. HP: 19/19 MP: 1/10
  1842 | D:2      | Learned a level 3 spell: Dazzling Flash
  2217 | D:3      | Reached XP level 4. HP: 24/24 MP: 9/12
  2434 | D:3      | Reached skill level 5 in Spellcasting
  2650 | D:3      | Noticed Grinder
  2768 | D:4      | Noticed an ice beast
  2778 | D:4      | Killed an ice beast
  2779 | D:4      | Reached XP level 5. HP: 28/28 MP: 4/15
  2861 | D:4      | Learned a level 4 spell: Fulminant Prism
  2866 | D:4      | Learned a level 4 spell: Iskenderun's Mystic Blast
  2954 | D:4      | Found an ancient bone altar of Kikubaaqudgha.
  3187 | D:4      | Reached skill level 1 in Hexes
  3398 | D:4      | Reached skill level 1 in Translocations
  3398 | D:4      | Reached XP level 6. HP: 26/32 MP: 11/17
  4621 | D:5      | Entered Level 5 of the Dungeon
  4621 | D:5      | Noticed Blork the orc
  4633 | D:4      | Killed Blork the orc
  4931 | D:5      | Reached XP level 7. HP: 36/36 MP: 11/18
  5249 | D:5      | Found a bloodstained altar of Trog.
  6040 | D:6      | Learned a level 3 spell: Mephitic Cloud
  6126 | D:6      | Reached XP level 8. HP: 27/41 MP: 12/19
  6284 | D:6      | Reached skill level 5 in Hexes
  6508 | D:6      | Reached skill level 1 in Air Magic
  6508 | D:6      | Reached skill level 1 in Poison Magic
  6515 | D:6      | Reached skill level 3 in Stealth
  6863 | D:6      | Noticed Dowan
  6869 | D:6      | Killed Dowan
  6879 | D:6      | Noticed Duvessa
  7087 | D:6      | Reached skill level 4 in Stealth
  7087 | D:6      | Killed Duvessa
  7249 | D:7      | Reached skill level 5 in Stealth
  7249 | D:7      | Reached skill level 5 in Translocations
  7420 | D:6      | Reached skill level 6 in Stealth
  8107 | D:7      | Found a staircase to the Ecumenical Temple.
  8112 | Temple   | Entered the Ecumenical Temple
  8280 | Temple   | Became a worshipper of Vehumet
  8457 | D:7      | Found a sparkling altar of Nemelex Xobeh.
  8963 | D:8      | Reached skill level 7 in Stealth
  9015 | D:8      | Noticed Psyche
  9024 | D:8      | Killed Psyche
  9025 | D:8      | Reached skill level 8 in Stealth
  9025 | D:8      | Reached XP level 9. HP: 45/45 MP: 8/20
  9201 | D:8      | Found a runed translucent gate.
  9201 | D:8      | Found a runed translucent gate.
  9222 | D:8      | Found a runed translucent gate.
  9223 | D:8      | Noticed TalonThorn's ghost (novice FeBe)
  9224 | D:8      | Identified the +3 war axe of Domination {antimagic, *Slow
                  | Str+6 Int+9}
  9228 | D:8      | Found a roughly hewn altar of Beogh.
  9801 | D:7      | Killed TalonThorn's ghost
  9802 | D:7      | Reached skill level 10 in Stealth
  9802 | D:7      | Reached skill level 5 in Poison Magic
 10814 | D:9      | Reached skill level 11 in Stealth
 11067 | D:9      | Reached skill level 12 in Stealth
 11706 | D:9      | Reached * piety under Vehumet
 11706 | D:9      | Offered knowledge of Sandblast by Vehumet.
 11994 | D:9      | Reached skill level 1 in Fighting
 12046 | D:9      | Noticed a centaur warrior
 12050 | D:9      | Noticed a red ugly thing
 12051 | D:9      | Shot with an arrow by a centaur warrior

Illustrated notes

Levels and vault maps discovered:
D:1:      dpeg_arrival_short_road, layout_loops_ring
D:2:      layout_rooms, chequers_arboretum
D:3:      layout_loops_cross, corexii_item_surrounded_by_moat,
          minmay_misc_feat_tower, uniq_grinder
D:4:      layout_cave_pools, old_standard_altar, minmay_misc_feat_cross
D:5:      layout_loops_ring, trog_book, uniq_blork_the_orc
D:6:      layout_loops_ring, minmay_manual_moon, uniq_duvessa
D:7:      layout_cave_pools, minmay_temple_entry_nine_rooms,
          nemelex_lonely_heart_becter
D:8:      layout_cave_pools, biasface_ghost_orc_armoury, uniq_psyche
D:9:      layout_basic, kb_rosetta
Temple:   minmay_crystal_snake_temple

Skill      XL: |  1  2  3  4  5  6  7  8  9 |
---------------+----------------------------+-----
Spellcasting   | 4 5 6 |  6.3
Conjurations   | 5 6 7 8 |  8.0
Hexes          | 1 2 4 6 |  6.0
Translocations | 1 2 4 6 |  6.0
Air Magic      | 2 |  2.0
Poison Magic   | 4 7 |  7.0
Stealth        | 8 12 | 12.3
Dodging        | 3 |  3.0
Fighting       | 1 |  1.0

Action                   |  1- 3 |  4- 6 |  7- 9 || total
-------------------------+-------+-------+-------++-------
Melee: Unarmed           |     6 |       |       ||     6
       Dagger            |       |     5 |     7 ||    12
 Cast: Magic Dart        |    93 |    55 |   177 ||   325
       Searing Ray       |     1 |    13 |    35 ||    49
       Fulminant Prism   |       |       |    22 ||    22
       Iskenderun's Myst |       |       |     6 ||     6
  Use: Scroll            |     7 |     5 |     5 ||    17
       Potion            |       |     1 |     1 ||     2
 Stab: Sleeping          |       |     1 |       ||     1
Armor: Robe              |     7 |     6 |    14 ||    27
Dodge: Dodged            |    15 |    18 |    98 ||   131
